AoeStats
← IcemanFangsOut

Four Lakes

503738405Analyzed
4v4 RM · 29d ago on Sep 2, 2026· 14m 53s· 8 players
Game mode
Random Map
Map size
Large (8 player)
Population
200
Speed
Normal
Resources
Standard
Victory
Conquest
Starting age
Dark Age
Ending age
Imperial Age
RankedLock teamsTeams togetherTeam positionsShared explorationLock speedFull tech treeHidden civsTurbo modeCheats
Victory
Defeat
🇺🇸 Romans · United States
1013
+11
🇺🇸 Goths · United States
916
+16
🇺🇸 Hindustanis · United States
908
+16
🇺🇸 Franks · United States
809
+27
🇲🇽 Portuguese · Mexico
930
-17
🇦🇺 Romans · Australia
915
-16
🇲🇽 Turks · Mexico
914
-16
🇨🇳 Goths · China
887
-15
MaverickMachOne
13:34 Feudal Age
IcemanFangsOut
10:38 Feudal Age
14:32 Castle Age
13:48 Double-Bit Axe
14:30 Loom
BeakerBandit456
11:08 Feudal Age
9:52 Loom
Romans81
11:27 Feudal Age
11:20 Loom
16:51 Castle Age
15:27 Wheelbarrow
15:03 Scale Mail Armor
14:27 Man-at-Arms
Ivess
0:29 Loom
13:50 Feudal Age
diossnefru1
0:32 Loom
11:46 Feudal Age
13:02 Wheelbarrow
12:18 Double-Bit Axe
Fonty13
0:34 Loom
12:20 Feudal Age
1416
2:47 Loom
Connection lost

Rejoining the realm…

Still unreachable

The connection could not be restored.

Session expired

The server has moved on; the page needs a fresh start.